 Dungeon Crawl Stone Soup version 0.26-a0-30-g56b8cd3df0 (webtiles) character file.

Game seed: 14841675780864785727, levelgen mode: deterministic

25228 Lanoc the Cleaver (level 13, -15/119 HPs)
             Began as a Hill Orc Chaos Knight on June 1, 2020.
             Was a Plaything of Xom.
             Killed from afar by a wretched star (20 damage)
             ... with a lance of force
             ... on level 2 of the Abyss.
             The game lasted 00:31:48 (17277 turns).

Lanoc the Cleaver (Hill Orc Chaos Knight)          Turns: 17277, Time: 00:31:49

Health: -15/119    AC: 20    Str: 22      XL:     13   Next: 18%
Magic:  13/13      EV: 14    Int:  3 (5)  God:    Xom [...*..]
Gold:   626        SH:  0    Dex: 16      Spells: 12/12 levels left

rFire    . . .     SeeInvis .   a - +2 hand axe (chaos)
rCold    + . .     Gourm    .   (no shield)
rNeg     . . .     Faith    .   u - +1 chain mail "Isoso" {rC+ rCorr Str+4 Int-5}
rPois    +         Spirit   .   w - +2 helmet
rElec    +         Reflect  .   (no cloak)
rCorr    +         Harm     .   (no gloves)
MR       .....                  (no boots)
Stlth    ..........             (no amulet)
HPRegen  0.69/turn              r - +4 ring of protection
MPRegen  0.13/turn              (no ring)

@: no status effects
A: hooves 2, agile 1, blink, [blurry vision 2], dopey 1, mutation resistance 1,
poison resistance, regeneration 1, electricity resistance, strong 1
a: Blink, Renounce Religion


You were on level 2 of the Abyss.
You worshipped Xom.
You were a favourite toy of Xom.
You were not hungry.

You visited 2 branches of the dungeon, and saw 14 of its levels.
You visited the Abyss 1 time.

You collected 886 gold pieces.
You spent 260 gold pieces at shops.

Inventory:

Hand Weapons
 a - a +2 hand axe of chaos (weapon)
 b - a +0 shortbow of chaos
 p - a +0 vorpal battleaxe
 F - a +2 hand axe of flaming
Missiles
 k - 312 arrows
Armour
 s - a +1 plate armour
 u - the +1 chain mail "Isoso" (worn) {rC+ rCorr Str+4 Int-5}
   (You found it on level 7 of the Dungeon)

   It affects your strength (+4).
   It affects your intelligence (-5).
   It protects you from cold.
   It provides partial protection from all sources of acid and corrosion.
 w - a +2 helmet (worn)
Jewellery
 r - a +4 ring of protection (left hand)
Wands
 d - a wand of iceblast (7)
 h - a wand of digging (7)
 t - a wand of flame (58)
 y - a wand of paralysis (26)
 G - a wand of enslavement (7)
Scrolls
 e - a scroll of immolation
 g - 7 scrolls of remove curse
 j - a scroll of vulnerability
 l - a scroll of magic mapping
 z - a scroll of amnesia
 A - 2 scrolls of blinking
 D - 2 scrolls of identify
Potions
 f - 2 potions of haste
 n - 3 potions of stabbing
 o - 3 potions of flight
 q - a potion of might
 v - 2 potions of ambrosia
 x - a potion of resistance
Comestibles
 c - 23 rations


   Skills:
 + Level 12.8 Fighting
 - Level 14.0 Axes
 - Level 5.3 Bows
 + Level 11.6 Armour
 + Level 9.0 Dodging


You had 12 spell levels left.
You didn't know any spells.
Your spell library was empty.

Dungeon Overview and Level Annotations

Branches:
Dungeon (13/15)            Temple (1/1) D:5            Lair (0/6) D:8
    Orc (0/2) D:12
 Vaults: D:13-14

Altars:
Ashenzari
Dithmenos
Okawaru
Ru
Uskayaw
Vehumet
Xom
Yredelemnul

Shops:
D:4 !(   D:7 !   D:9 =   D:10 %   D:12 (

Annotations:
D:6 2 transporters, Thantalas's ghost, novice FoAK
D:9 2 transporters


Innate Abilities, Weirdness & Mutations

You have hoof-like feet.
You are agile. (Dex +2)
You can translocate small distances at will.
You are dopey. (Int -2)
You are somewhat resistant to further mutation.
Your system is resistant to poisons. (rPois)
Your natural rate of healing is unusually fast.
You are resistant to electric shocks. (rElec)
Your muscles are strong. (Str +2)
[Scrolls take you longer to read.]


Message History

The raiju is lightly wounded.
You slash the raiju! You freeze the raiju.
The raiju is severely wounded.
The raiju bursts into living lightning!
The living lightning hits you. You resist.
* * * LOW HITPOINT WARNING * * *
The living lightning hits you. You resist.
* * * LOW HITPOINT WARNING * * *
The raiju blinks! x2
You slash the raiju! You freeze the raiju.
You kill the raiju!
You start resting.
The wretched star is too close now for your liking.
You see here a raiju corpse.
You completely miss the wretched star.
The wretched star is almost destroyed.
The wretched star glows turbulently.
The lance of force hits you!!
You die...
Xom howls with laughter!

. #. #
##. _.X
# # ##
#.## .#_
..*.####
#.#. ..
.# #...
# ######
*.....#
##†*W.#
..##.#.#
#@##* .
..
#.##.#..
#. #.# .
.#.#.W#
#.# . #.
. #
#.#.##
.# ##
#... # #
....
.##. . .


You could see a wretched star (agile) and a freezing wraith.

Vanquished Creatures
  Erolcha (D:13)
  2 centaur warriors (D:13)
  3 two-headed ogres
  2 manticores
  A deep elf mage (D:12)
  2 orc sorcerers (D:12)
  3 ugly things
  A large abomination (Abyss:2)
  2 gargoyles (D:11)
  Maggie (D:8)
  A kobold demonologist (D:12)
  2 komodo dragons (D:13)
  5 trolls
  A hornet (D:10)
  5 raiju (Abyss:2)
  A hippogriff (shapeshifter) (D:10)
  2 hippogriffs
  A shadow (D:12)
  24 yaks
  A chaos spawn (Abyss:2)
  3 hungry ghosts
  A neqoxec (Abyss:2)
  2 vampire mosquitoes (D:9)
  A warg (D:8)
  An acid dragon (D:13)
  A water moccasin (D:11)
  A soldier ant (D:12)
  2 ice beasts
  7 orc warriors
  5 sky beasts
  2 black bears
  A necrophage (D:10)
  6 ogres
  An eye of draining (D:10)
  A starcursed mass (Abyss:2)
  7 centaurs
  7 bullfrogs
  6 big kobolds
  2 small abominations (Abyss:2)
  2 scorpions
  13 killer bees
  4 wights (D:11)
  An electric eel (D:9)
  4 howler monkeys
  6 crimson imps
  A lava snake (D:13)
  3 quasits
  3 bullfrog zombies
  2 centaur zombies
  6 hounds
  A jelly (D:10)
  3 orc priests
  3 iguanas
  3 bullfrog skeletons
  3 centaur skeletons
  12 orc wizards
  11 worker ants
  2 hound skeletons
  2 howler monkey zombies
  Robin (D:4)
  10 adders
  A gnoll (D:9)
  A howler monkey skeleton (D:11)
  4 shadow imps
  An ufetubus (D:12)
  An ooze (D:3)
  An adder zombie (D:6)
  A worm (D:2)
  A dart slug (D:2)
  A leopard gecko (D:5)
  56 orcs
  4 bats
  6 giant cockroaches
  13 goblins
  9 hobgoblins
  4 jackals (D:4)
  19 kobolds
  5 quokkas
  3 ball pythons
  A ball python skeleton (D:4)
  5 frilled lizards
  A jackal skeleton (D:4)
  A leopard gecko skeleton (D:5)
  4 leopard gecko zombies
  A quokka zombie (D:9)
358 creatures vanquished.

Vanquished Creatures (collateral kills)
  Harold (D:8)
  A manticore (D:13)
  3 yaks (D:12)
  A warg (D:8)
  A black bear (D:8)
  An ogre (D:4)
  A scorpion (D:4)
  An orc wizard (D:4)
  2 adders (D:12)
  An orc (D:4)
  2 kobolds
15 creatures vanquished.

Vanquished Creatures (others)
  A wretched star (Abyss:2)
  2 orc knights
  A raiju (Abyss:2)
  2 yaks (D:12)
  A centaur (D:6)
  An ogre (D:12)
  A killer bee (D:8)
  A hound (D:5)
  An orc wizard (D:11)
  A worker ant (D:13)
  2 orcs
14 creatures vanquished.

Grand Total: 387 creatures vanquished

Notes
Turn   | Place    | Note
-------+----------+-------------------------------------------
     0 | D:1      | Lanoc the Hill Orc Chaos Knight began the quest for the
                  | Orb.
     0 | D:1      | Reached XP level 1. HP: 19/19 MP: 1/1
   175 | D:1      | Reached skill level 1 in Dodging
   175 | D:1      | Reached XP level 2. HP: 27/27 MP: 2/2
   391 | D:2      | Reached XP level 3. HP: 26/33 MP: 3/3
   396 | D:2      | XOM: cloud trail
   583 | D:2      | Found a hide-covered altar of Uskayaw.
   663 | D:2      | XOM: divination: detect creatures
   753 | D:2      | XOM: silly message
   838 | D:3      | XOM: silly message
   888 | D:3      | Found a shadowy altar of Dithmenos.
  1033 | D:3      | Reached skill level 5 in Axes
  1088 | D:3      | Reached XP level 4. HP: 32/40 MP: 4/4
  1765 | D:4      | Found a basalt altar of Yredelemnul.
  1781 | D:4      | Noticed an ogre
  1787 | D:4      | HP: 2/40 [ogre/cursed -1 giant spiked club (30)]
  1789 | D:4      | XOM: potion effect (heal wounds)
  1810 | D:4      | Found Uku Dom's Antique Weapon Boutique.
  1810 | D:4      | XOM: confusion (+ monsters)
  1820 | D:4      | XOM: divination: detect creatures
  1840 | D:4      | Killed an ogre
  1840 | D:4      | Reached XP level 5. HP: 8/47 MP: 5/5
  2130 | D:4      | Found a shattered altar of Ashenzari.
  2140 | D:4      | Noticed Robin
  2147 | D:4      | Killed Robin
  2382 | D:4      | Reached skill level 6 in Axes
  2398 | D:4      | HP: 2/47 [something (7)]
  2429 | D:4      | XOM: confuse monster(s)
  2444 | D:4      | HP: 2/47 [poisoned by a scorpion]
  2452 | D:4      | HP: 3/70 [poisoned by a scorpion]
  2464 | D:4      | XOM: cast spell 'Summon Hydra'
  2468 | D:4      | Reached XP level 6. HP: 7/55 MP: 6/6
  2506 | D:4      | XOM: 1-stop teleportation journey
  2559 | D:4      | XOM: scenery: create altars
  2790 | D:4      | Found Umov's Distillery.
  2805 | D:4      | Bought a potion of heal wounds for 65 gold pieces
  2805 | D:4      | Bought a potion of curing for 39 gold pieces
  2853 | D:4      | XOM: smoke on damage
  3049 | D:5      | Entered Level 5 of the Dungeon
  3057 | D:5      | XOM: confusion (+ monsters)
  3085 | D:5      | Reached skill level 5 in Fighting
  3161 | D:5      | Found a staircase to the Ecumenical Temple.
  3176 | Temple   | Entered the Ecumenical Temple
  3216 | D:5      | Noticed a sky beast
  3222 | D:5      | XOM: chaos cloud
  3230 | D:5      | Killed a sky beast
  3230 | D:5      | Reached skill level 7 in Axes
  3230 | D:5      | Reached XP level 7. HP: 42/61 MP: 7/7
  3752 | D:5      | XOM: blink monster(s)
  3989 | D:5      | XOM: give mutations
  3989 | D:5      | Gained mutation: You have large cloven feet. [Xom's grace]
  3989 | D:5      | Gained mutation: You are resistant to electric shocks.
                  | (rElec) [Xom's grace]
  3989 | D:5      | Gained mutation: Your muscles are strong. (Str +2) [Xom's
                  | grace]
  3989 | D:5      | Gained mutation: Your muscles are very strong. (Str +4)
                  | [Xom's grace]
  4224 | D:5      | XOM: divination: detect creatures
  4298 | D:6      | XOM: summons friendly quasit
  4301 | D:6      | XOM: butterfly on damage
  4308 | D:6      | XOM: enchant monster (good)
  4328 | D:6      | Reached skill level 8 in Axes
  4338 | D:6      | XOM: confuse monster(s)
  4341 | D:6      | Reached XP level 8. HP: 24/70 MP: 8/8
  4471 | D:6      | XOM: 1-stop teleportation journey
  4607 | D:6      | Found a transporter.
  4607 | D:6      | Noticed Thantalas's ghost (novice FoAK)
  4610 | D:6      | Found a sacrificial altar of Ru.
  4629 | D:6      | Reached skill level 5 in Armour
  4684 | D:6      | Found a transporter.
  4688 | D:6      | XOM: divine lightning
  5023 | D:6      | Reached skill level 9 in Axes
  5127 | D:7      | XOM: divination: detect creatures
  5443 | D:7      | Got a dazzling chain mail
  5454 | D:7      | Identified the +1 chain mail "Isoso" {rC+ rCorr Str+4
                  | Int-5} (You found it on level 7 of the Dungeon)
  5504 | D:7      | XOM: give mutations
  5504 | D:7      | Gained mutation: [Scrolls take you a little longer to
                  | read.] [Xom's mischief]
  5504 | D:7      | Gained mutation: You are clumsy. (Dex -2) [Xom's mischief]
  5504 | D:7      | Gained mutation: [Scrolls take you longer to read.] [Xom's
                  | mischief]
  5618 | D:7      | XOM: cloud trail
  5661 | D:7      | XOM: smoke on damage
  5725 | D:7      | XOM: divination: detect items
  6150 | D:7      | Found Hion's Distillery.
  6159 | D:7      | Reached skill level 10 in Axes
  6159 | D:7      | Reached XP level 9. HP: 75/79 MP: 9/9
  6180 | D:7      | Bought a potion of heal wounds for 60 gold pieces
  6180 | D:7      | Bought a potion of heal wounds for 60 gold pieces
  6180 | D:7      | Bought a potion of curing for 36 gold pieces
  6544 | D:8      | XOM: divination: detect items
  6671 | D:8      | Noticed Maggie
  6695 | D:8      | Noticed a two-headed ogre
  6696 | D:8      | Noticed Harold
  6729 | D:8      | XOM: silly message
  6792 | D:8      | XOM: enchant monster (bad)
  6847 | D:8      | XOM: noise
  7078 | D:8      | XOM: confusion (+ monsters)
  7079 | D:8      | XOM: give mutation
  7079 | D:8      | Gained mutation: You are somewhat resistant to further
                  | mutation. [Xom's grace]
  7290 | D:8      | XOM: noise
  7291 | D:8      | XOM: summons friendly ufetubus
  7292 | D:8      | Found a staircase to the Lair.
  7299 | D:8      | Killed a two-headed ogre
  7299 | D:8      | Reached skill level 11 in Axes
  7324 | D:8      | XOM: cast spell 'Monstrous Menagerie'
  7359 | D:8      | Killed Harold
  7359 | D:8      | Reached skill level 5 in Dodging
  7384 | D:8      | Reached XP level 10. HP: 65/88 MP: 10/10
  7404 | D:8      | Reached skill level 12 in Axes
  7743 | D:8      | Killed Maggie
  8076 | D:8      | Noticed a two-headed ogre
  8077 | D:8      | XOM: divination: detect items
  8083 | D:8      | Killed a two-headed ogre
  8600 | D:9      | XOM: noise
  8686 | D:9      | Found a transporter.
  8692 | D:9      | Found a transporter.
  8755 | D:9      | XOM: stat loss: -1 Int (6/7)
  8925 | D:9      | XOM: summons 1 hostile demon
  8950 | D:9      | Found Ilapikh's Jewellery Boutique.
  9207 | D:9      | XOM: polymorph jelly -> gnoll
  9210 | D:9      | Reached skill level 13 in Axes
  9295 | D:9      | XOM: give mutations
  9295 | D:9      | Lost mutation: Your muscles are very strong. (Str +4)
                  | [Xom's mischief]
  9295 | D:9      | Lost mutation: You are somewhat resistant to further
                  | mutation. [Xom's mischief]
  9295 | D:9      | Gained mutation: You evolve. [Xom's mischief]
  9295 | D:9      | Lost mutation: [Scrolls take you longer to read.] [Xom's
                  | mischief]
  9433 | D:9      | Found an iron altar of Okawaru.
  9566 | D:9      | Found a radiant altar of Vehumet.
  9642 | D:10     | Entered Level 10 of the Dungeon
  9885 | D:10     | XOM: give mutations
  9885 | D:10     | Gained mutation: Your system is resistant to poisons.
                  | (rPois) [Xom's grace]
  9885 | D:10     | Gained mutation: You can translocate small distances at
                  | will. [Xom's grace]
  9885 | D:10     | Lost mutation: You are clumsy. (Dex -2) [Xom's grace]
  9887 | D:10     | Found Debisox's Food Boutique.
 10077 | D:10     | Reached XP level 11. HP: 69/97 MP: 0/11
 10212 | D:10     | Noticed a two-headed ogre
 10214 | D:10     | XOM: noise
 10219 | D:10     | Killed a two-headed ogre
 10227 | D:10     | XOM: chaos upgrade
 10357 | D:10     | XOM: divination: magic mapping
 10430 | D:10     | XOM: summons 3 hostile demons
 10700 | D:10     | Reached skill level 14 in Axes
 10703 | D:10     | XOM: cleaving
 10705 | D:10     | Noticed a glowing shapeshifter
 10705 | D:10     | a yak changed into a glowing shapeshifter
 10705 | D:10     | a glowing shapeshifter changed into a torpor snail
 10708 | D:10     | Reached skill level 10 in Fighting
 11570 | D:10     | XOM: give mutation
 11570 | D:10     | Lost mutation: [Scrolls take you a little longer to read.]
                  | [Xom's mischief]
 11799 | D:11     | XOM: chaos upgrade
 11810 | D:11     | Reached skill level 1 in Bows
 11901 | D:11     | XOM: cast spell 'Statue Form'
 11905 | D:11     | XOM: summons 1 hostile shadow creature
 12075 | D:11     | XOM: silly message
 12093 | D:11     | XOM: divination: magic mapping
 12239 | D:11     | XOM: divination: magic mapping
 12499 | D:11     | XOM: noise
 12529 | D:11     | Noticed a manticore
 12537 | D:11     | XOM: enchant monster (good)
 12541 | D:11     | Killed a manticore
 12764 | D:11     | XOM: god gift: long sword {god gift}
 13045 | D:12     | Noticed a brown ugly thing
 13070 | D:12     | Killed a brown ugly thing
 13178 | D:12     | XOM: enchant monster (good)
 13197 | D:12     | Paralysed by fainting for 9 turns
 13215 | D:12     | XOM: scenery: create altars
 13234 | D:12     | XOM: chaos upgrade
 13433 | D:12     | Noticed an orc sorcerer
 13439 | D:12     | Noticed a soul eater
 13439 | D:12     | Noticed an orc knight
 13441 | D:12     | XOM: blink monster(s)
 13445 | D:12     | XOM: enchant monster (bad)
 13447 | D:12     | Reached XP level 12. HP: 70/110 MP: 12/12
 13449 | D:12     | Noticed a soul eater
 13449 | D:12     | XOM: smoke on damage
 13548 | D:12     | Reached skill level 10 in Armour
 13841 | D:12     | XOM: divination: detect items
 13846 | D:12     | XOM: divination: detect creatures
 13851 | D:12     | XOM: cast spell 'Summon Horrible Things'
 13981 | D:12     | XOM: draining
 14019 | D:12     | XOM: swap monsters
 14132 | D:12     | XOM: 2-stop teleportation journey
 14274 | D:12     | XOM: god gift: 3 scrolls of blinking
 14385 | D:12     | Found a staircase to the Orcish Mines.
 14495 | D:12     | XOM: noise
 14499 | D:12     | Noticed a soul eater
 14503 | D:12     | XOM: swap monsters
 14505 | D:12     | Paralysed by an orc sorcerer for 7 turns
 14507 | D:12     | XOM: butterfly on damage
 14679 | D:12     | Gained mutation: You are agile. (Dex +2) [evolution]
 14881 | D:12     | XOM: 1-stop teleportation journey
 14996 | D:12     | Found Ysmotao's Weapon Shop.
 15165 | D:13     | Noticed a centaur warrior
 15166 | D:13     | XOM: destruction
 15167 | D:13     | Noticed a centaur warrior
 15185 | D:13     | Killed a centaur warrior
 15188 | D:13     | Killed a centaur warrior
 15188 | D:13     | XOM: god gift: 19 arrows
 15189 | D:13     | XOM: summons friendly white imp
 15368 | D:13     | XOM: 2-stop teleportation journey
 15368 | D:13     | Noticed Erolcha
 15370 | D:13     | XOM: summons friendly white imp
 15377 | D:13     | Killed Erolcha
 15377 | D:13     | Reached skill level 5 in Bows
 15444 | D:13     | XOM: divination: detect creatures
 15462 | D:13     | XOM: confuse monster(s)
 15465 | D:13     | XOM: enchant monster (good)
 15999 | D:13     | XOM: 1-stop teleportation journey
 16099 | D:13     | XOM: noise
 16116 | D:13     | Reached XP level 13. HP: 62/119 MP: 13/13
 16142 | D:13     | XOM: summons 3 friendly demons
 16457 | D:13     | XOM: summons 5 hostile demons
 16502 | D:13     | Noticed a vault guard
 16506 | D:13     | Noticed a vault guard
 16627 | D:13     | XOM: summons 3 hostile demons
 16650 | D:13     | XOM: god gift: potion of curing
 16768 | D:13     | XOM: summons 1 hostile shadow creature
 16863 | D:13     | Noticed a vault guard
 16865 | D:13     | Noticed a vault guard
 16866 | D:13     | Cast into level 2 of the Abyss (a wizard)
 16872 | Abyss:2  | XOM: confuse monster(s)
 16902 | Abyss:2  | Noticed a starcursed mass
 16903 | Abyss:2  | XOM: destruction
 16905 | Abyss:2  | Gained mutation: You are dopey. (Int -2) [a neqoxec]
 16906 | Abyss:2  | XOM: god gift: 7 rations
 16912 | Abyss:2  | XOM: polymorph smoke demon -> ynoxinul
 16920 | Abyss:2  | XOM: god gift: runed whip {god gift}
 16924 | Abyss:2  | XOM: summons friendly iron imp
 16932 | Abyss:2  | Paralysed by accursed screaming for 1 turns
 16940 | Abyss:2  | Noticed a starcursed mass
 16942 | Abyss:2  | XOM: polymorph ynoxinul -> neqoxec
 16943 | Abyss:2  | HP: 3/119 [starcursed mass/accursed screaming (8)]
 16944 | Abyss:2  | XOM: give mutations
 16944 | Abyss:2  | Gained mutation: You rapidly evolve. [Xom's grace]
 16944 | Abyss:2  | Lost mutation: You rapidly evolve. [Xom's grace]
 16944 | Abyss:2  | Lost mutation: You evolve. [Xom's grace]
 16944 | Abyss:2  | Gained mutation: You are somewhat resistant to further
                  | mutation. [Xom's grace]
 16944 | Abyss:2  | Gained mutation: Your natural rate of healing is unusually
                  | fast. [Xom's grace]
 16944 | Abyss:2  | Gained mutation: You have hoof-like feet. [Xom's grace]
 16945 | Abyss:2  | XOM: summons 9 friendly demons
 16983 | Abyss:2  | XOM: cast spell 'Dispersal'
 16990 | Abyss:2  | XOM: summons 2 friendly demons
 16993 | Abyss:2  | XOM: cleaving
 17005 | Abyss:2  | HP: 5/119 [raiju/living lightning (3)]
 17006 | Abyss:2  | HP: 1/119 [raiju (2)]
 17148 | Abyss:2  | XOM: smoke on damage
 17245 | Abyss:2  | XOM: scenery: create altars
 17273 | Abyss:2  | HP: 3/119 [raiju/living lightning (4)]
 17277 | Abyss:2  | Killed from afar by a wretched star

Illustrated notes

Levels and vault maps discovered:
D:1:      dpeg_arrival_morbid_curiosity, layout_basic,
          kennysheep_decorative_pillar, minmay_misc_feat_roman
D:2:      layout_loops_corners, eat_drink_and_be_merry_uskayaw, first_ration,
          chequers_serial_rivers_micro_c
D:3:      layout_loops_cross, old_standard_altar
D:4:      layout_rooms, yredelemnul_altar_generic, evilmike_ruin_ashenzari,
          serial_shops, nicolae_shop_statue_plus, shop, uniq_robin
D:5:      layout_cave_pods, temple_statues
D:6:      layout_cave_pools, lemuel_round_altar, gammafunk_ghost_mausoleum
D:7:      layout_basic, serial_shops, shop
D:8:      layout_basic, erik_lair_orcish_takeover, uniq_maggie, uniq_harold
D:9:      gammafunk_jiyva_shrine, layout_loops_ring, kennysheep_little_box,
          kennysheep_okawaru_gauntlet, serial_shops, nicolae_shop_waterfront,
          abandoned_shop
D:10:     layout_stronghold, serial_shops, nicolae_shop_window_shopping,
          blue_anna_alchemist [blue_anna_fruit_fields, blue_anna_fruit_fields],
          kennysheep_generic_room_12
D:11:     layout_long_grid
D:12:     layout_small_grid, orc_0_dummy, serial_shops, nicolae_shop_stone
D:13:     layout_basic, grunt_vaults_entry_fortified, uniq_erolcha
Temple:   regret_index_temple_generic_petals
Abyss:2:  base:
D:15

Skill      XL: |  1  2  3  4  5  6  7  8  9 10 11 12 13 |
---------------+----------------------------------------+-----
Dodging        | 1 2 3 4 5 6 7 8 9 |  9.0
Fighting       | 4 5 6 7 8 9 11 12 | 12.8
Axes           | 5 6 7 8 10 11 13 14 | 14.0
Armour         | 3 4 5 7 8 9 11 | 11.6
Bows           | 3 5 |  5.3

Action                   |  1- 3 |  4- 6 |  7- 9 | 10-12 | 13-15 || total
-------------------------+-------+-------+-------+-------+-------++-------
Melee: Hand axe          |    76 |   174 |   303 |   766 |   187 ||  1506
       Kick              |       |       |    81 |   302 |    79 ||   462
 Fire: Shortbow          |       |       |       |   142 |       ||   142
Throw: Throwing net      |       |       |       |     1 |       ||     1
  Use: Potion            |       |     7 |     6 |     6 |     3 ||    22
       Scroll            |       |       |    10 |     8 |     7 ||    25
 Stab: Paralysed         |       |     8 |     4 |    18 |     2 ||    32
       Petrified         |       |     6 |     4 |     1 |     8 ||    19
       Confused          |       |     2 |     2 |     3 |       ||     7
       Distracted        |       |       |     2 |     1 |     1 ||     4
       Petrifying        |       |       |     1 |    10 |       ||    11
       Held in net/web   |       |       |       |     1 |       ||     1
       Invisible         |       |       |       |     6 |       ||     6
  Eat: Chunk             |     1 |     6 |     9 |    26 |     1 ||    43
       Ration            |       |       |     1 |     2 |     1 ||     4
Armor: Leather armour    |    17 |    66 |    56 |       |       ||   139
       Skin              |       |     1 |    11 |    15 |       ||    27
       Chain mail        |       |       |    87 |   377 |    91 ||   555
Dodge: Dodged            |    38 |   100 |   134 |   326 |   123 ||   721

Table legend:
 A = Non-vault XP
 B = Vault XP
 C = Vault XP percentage of total XP
 D = Non-vault monster count
 E = Vault monster count
 F = Vault count percentage of total count
                 A         B        C        D         E       F
            +---------+---------+-------+---------+---------+-------
      Total |   33335 |    2706 |   7.5 |     353 |      29 |   7.6
            +---------+---------+-------+---------+---------+-------
        D:1 |       7 |      10 |  58.8 |       4 |       5 |  55.6
        D:2 |      46 |       0 |   0.0 |      11 |       0 |   0.0
        D:3 |      30 |       0 |   0.0 |      15 |       0 |   0.0
        D:4 |     270 |      37 |  12.1 |      25 |      12 |  32.4
        D:5 |     407 |       0 |   0.0 |      15 |       0 |   0.0
        D:6 |     893 |       0 |   0.0 |      21 |       0 |   0.0
        D:7 |     823 |       0 |   0.0 |      19 |       0 |   0.0
        D:8 |    2521 |    1434 |  36.3 |      35 |       9 |  20.5
        D:9 |    1991 |       0 |   0.0 |      29 |       0 |   0.0
       D:10 |    3787 |     213 |   5.3 |      30 |       2 |   6.2
       D:11 |    3986 |       0 |   0.0 |      41 |       0 |   0.0
       D:12 |    7879 |       0 |   0.0 |      60 |       0 |   0.0
       D:13 |    8089 |    1012 |  11.1 |      36 |       1 |   2.7
    Abyss:2 |    2606 |       0 |   0.0 |      12 |       0 |   0.0
            +---------+---------+-------+---------+---------+-------
